[Event "Betsys MČR v online bleskovém šachu 2021"]
[Site "Chess.com"]
[Date "2021.04.17"]
[Round "2"]
[White "Drak1961"]
[Black "FutureFideMasseur"]
[Result "1-0"]
[WhiteElo "2099"]
[BlackElo "2432"]
[TimeControl "180+1"]
[EndTime "9:18:23 PDT"]
[Termination "Uživatel Drak1961 zvítězil po vzdání soupeře"]

1. d4 Nf6 2. Nf3 d5 3. g3 e6 4. Bg2 Be7 5. O-O O-O 6. b3 b6 7.
c4 Bb7 8. Ne5 Nbd7 9. Nc3 c5 10.
e3 a6 11. Bb2 Qc7 12. Qe2 dxc4 13. Bxb7 Qxb7 14. Nxd7 Qxd7 15. bxc4 cxd4 16. exd4 Rac8 17. Rac1 Qxd4 18. Nd5 Qc5 19. Nxf6+ Bxf6 20. Bxf6 gxf6 21. Rfd1 Rfd8 22. Qg4+ Qg5 23. Rxd8+ Rxd8 24. Qxg5+ fxg5 25. Rb1 Rd6 26. Kf1 Kf8 27. Ke2 Ke7 28. Ke3 Kd7 29. h4 h6 30. hxg5 hxg5 31. Rh1 Kc6 32. Rh5 g4 33. Rg5 f5 34. Rg6 Kc5 35. f3 gxf3 36. Kxf3 Kxc4 37. Rg8 e5 38. Rc8+ Kd3 39. Re8 e4+ 40. Kf4 Rd5 41. Re6 e3 42. Rxe3+ Kc4 43. Re6 Kb5 44. Re5 Rxe5 45. Kxe5 Ka4 46. Kxf5 Ka3 47. g4 Kxa2 48. g5 b5 49. g6 b4 50. g7 a5 51. g8=Q+ b3 52. Ke4 a4 53.
Kd3 Kb2 54. Qg2+ Ka3 55. Kc3 1-0

[Event "Betsys MČR v online bleskovém šachu 2021"]
[Site "Chess.com"]
[Date "2021.04.17"]
[Round "2"]
[White "vikysachy"]
[Black "Bagr92"]
[Result "0-1"]
[WhiteElo "852"]
[BlackElo "1596"]
[TimeControl "180+1"]
[EndTime "9:18:25 PDT"]
[Termination "Uživatel Bagr92 zvítězil matem"]

1. e4 c5 2. Nf3 e6 3. Nc3 d6 4.
Bc4 Nc6 5. d3 Nf6 6. Qe2 Be7 7.
Bf4 O-O 8. O-O-O a6 9. h4 b5 10.
Bb3 Qb6 11. h5 a5 12. h6 g6 13. Ng5 a4 14. Bxe6 Bxe6 15. a3 b4 16. Nxa4 Rxa4 17. axb4 Qxb4 18. c3 Qb3 19. Kd2 Qxb2+ 20. Ke1 Qxc3+ 21.
Bd2 Qb2 22. Kf1 Ra1 23. Kg1 Nd4 24. Qe1 Rxd1 25. Qxd1 Bb3 26. Qe1 Ne6 27. Nf3 Qc2 28. Kh2 Qxd3 29. Rf1 d5 30. e5 Ng4+ 31. Kg1 d4 32. g3 Bd5 33. Bc1 Qxf3 34. Qe4 Qg2+ 35. Qxg2 Bxg2 36. Kxg2 f6 37. exf6 Bxf6 38. Kh3 Ne5 39.
Kg2 c4 40. Ba3 Ra8 41. Bb2 c3 42. Bxc3 dxc3 43. Rc1 Rc8 44. Kf1 c2 45. Ke1 Nd4 46.
Kd2 Nc4+ 47. Kd3 Nb2+ 48. Kd2 Nb3+ 49. Ke1 Nxc1 50. Kf1 Nb3 51. Ke2 c1=Q 52. Kf3 Rc3+ 53. Kg2 Nd3 54. Kh3 Ne1 55. Kg4 Qc2 56. Kf4 Qf5# 0-1

[Event "Betsys MČR v online bleskovém šachu 2021"]
[Site "Chess.com"]
[Date "2021.04.17"]
[Round "2"]
[White "jsulc"]
[Black "berny643"]
[Result "0-1"]
[WhiteElo "2072"]
[BlackElo "2532"]
[TimeControl "180+1"]
[EndTime "9:18:28 PDT"]
[Termination "Uživatel berny643 zvítězil na čas"]

1. d4 Nf6 2. c4 e6 3. Nc3 Bb4 4. g3 c5 5. Nf3 cxd4 6. Nxd4 Nc6 7. Bg2 Qa5 8. Nb5 a6 9. Nd6+ Ke7 10. Bd2 Bxd6 11. Nd5+ exd5 12. Bxa5 Nxa5 13. Bxd5 Re8 14. O-O Nc6 15. Bxf7 Kxf7 16. Qxd6 Re6 17. Qd2 d6 18. f3 Bd7 19. e4 Ne5 20. b3 b5 21.
cxb5 Bxb5 22. Rf2 Rd8 23. Kg2 d5 24. Rd1 Rd7 25. a4 Bd3 26. exd5 Rxd5 27. Qf4 Red6 28. Rfd2 Kg8 29. Qe3 Kf7 30. f4 Neg4 31. Qa7+ Rd7 32. Qb6 Be4+ 33. Kf1 Rxd2 34. Rxd2 Rxd2 35. Qb4 Rf2+ 36.
Ke1 Bf3 37. Qc4+ Kg6 38. Qd3+ Be4 39. Qd6 Ne3 40. f5+ Rxf5 41. Qd4 Rf1+ 42. Ke2 Rf5 43. Kxe3 Rf3+ 44. Ke2 Rxb3 45. Qe5 Rb2+ 46. Ke3 Rb3+ 47. Kd4 Ra3 48. Qa5 Ra1 49. Qxa6 Rd1+ 50. Ke3 Re1+ 51. Kf2 Rh1 52. h4 Rh2+ 53. Ke3 Rg2 54. Kf4 Rf2+ 0-1

[Event "Betsys MČR v online bleskovém šachu 2021"]
[Site "Chess.com"]
[Date "2021.04.17"]
[Round "2"]
[White "Dvacetsekund"]
[Black "CZMaster666"]
[Result "1-0"]
[WhiteElo "2196"]
[BlackElo "1862"]
[TimeControl "180+1"]
[EndTime "9:18:30 PDT"]
[Termination "Uživatel Dvacetsekund zvítězil matem"]

1. e4 e5 2. Nf3 Nc6 3. Bc4 Nf6 4. d3 Be7 5. O-O O-O 6. Re1 d6 7. a4 Na5 8. Ba2 c5 9. c3 Nc6 10. Na3 Kh8 11. Nc2 Ng8 12. d4 Qc7 13. dxe5 dxe5 14.
Bg5 Be6 15. Bxe7 Ngxe7 16. Ne3 Bxa2 17. Rxa2 f6 18. Qb3 Rad8 19. Raa1 Na5 20. Qc2 c4 21. Rad1 Qc5 22. Rxd8 Rxd8 23. Rd1 Rd6 24. h4 h6 25.
g3 Kg8 26. Kg2 Kf7 27. h5 Ke6 28. Nh4 Rxd1 29. Qxd1 Qd6 30. Qg4+ Kf7 31. Nhf5 Nxf5 32. Qg6+ Kg8 33. Nxf5 Qf8 34. Nxh6+ Kh8 35. Nf7+ Kg8 36. Nh6+ Kh8 37. Nf5 Nc6 38. h6 gxh6 39. Nxh6 Ne7 40.
Qh5 Qg7 41. Nf5+ Qh7 42. Qxh7+ Kxh7 43. Nxe7 Kg7 44. Nd5 Kf7 45. Kf3 Ke6 46. Ke3 f5 47.
f3 f4+ 48. gxf4 exf4+ 49. Kxf4 Kd6 50. Ke3 Kc5 51. f4 a6 52. f5 b5 53. axb5 axb5 54. f6 Kd6 55. Kd4 Ke6 56. f7 Kxf7 57. Kc5 Ke6 58.
Kxb5 Ke5 59. Kxc4 Kxe4 60. b4 Ke5 61. Kc5 Ke6 62. Kc6 Ke5 63. b5 Ke4 64. b6 Kd3 65. b7 Kc4 66. b8=Q Kd3 67. Qe5 Kc2 68. Qe3 Kb3 69. c4+ Kxc4 70. Qc3# 1-0

[Event "Betsys MČR v online bleskovém šachu 2021"]
[Site "Chess.com"]
[Date "2021.04.17"]
[Round "2"]
[White "HerjoAnpe"]
[Black "matyson523"]
[Result "0-1"]
[WhiteElo "1246"]
[BlackElo "1741"]
[TimeControl "180+1"]
[EndTime "9:18:31 PDT"]
[Termination "Uživatel matyson523 zvítězil matem"]

1. d4 d5 2. Nf3 e6 3. e3 Bd6 4. c3 c5 5. Bd3 Nf6 6. Nbd2 Nc6 7. O-O O-O 8. Qe2 b6 9. e4 dxe4 10. Nxe4 Bb7 11. Nxd6 Qxd6 12. Bg5 Nd5 13. Bxh7+ Kxh7 14. Bd2 f6 15. Rae1 Rae8 16. Nh4 g6 17. Qg4 Rg8 18.
f4 Ba6 19. Rf3 f5 20. Qg5 Qe7 21. Qg3 Nf6 22. Qh3 Kg7 23. Rg3 Ng4 24. Nxf5+ gxf5 25.
Rxg4+ fxg4 26. Qxg4+ Kf7 27. Qh5+ Kf8 28. Re3 Qf7 29.
Qe2 Bxe2 30. Rxe2 cxd4 31. cxd4 Nxd4 32. Bb4+ Re7 33. Re4 Ke8 34. Rxd4 Rg4 35. Rc4 Kd7 36. Bxe7 Qxe7 37. Rd4+ Qd6 38. Rxd6+ Kxd6 39. g3 e5 40. fxe5+ Kxe5 41. b3 Rd4 42. h4 Rd1+ 43. Kh2 Rd2+ 44. Kh3 Rxa2 45. g4 Rb2 46. h5 Rxb3+ 47. Kh4 Kf6 48. g5+ Kg7 49. h6+ Kg6 50. Kg4 Rb5 51. Kf4 Rxg5 52. Ke4 Rh5 53. Kd4 Rxh6 54. Kc4 Rh5 55.
Kb4 a5+ 56. Kb3 b5 57. Kb2 a4 58. Ka3 Rh4 59. Kb2 b4 60. Kb1 a3 61. Ka2 Rh3 62. Kb1 b3 63. Kc1 a2 64. Kb2 Kf5 65. Ka3 a1=Q+ 66.
Kb4 b2 67. Kc5 b1=Q 68. Kd6 Rd3+ 69. Kc6 Qa6+ 70. Kc5 Qbb5# 0-1

[Event "Betsys MČR v online bleskovém šachu 2021"]
[Site "Chess.com"]
[Date "2021.04.17"]
[Round "2"]
[White "lockerbieQ"]
[Black "veronikam"]
[Result "1-0"]
[WhiteElo "1739"]
[BlackElo "1220"]
[TimeControl "180+1"]
[EndTime "9:18:32 PDT"]
[Termination "Uživatel lockerbieQ zvítězil na čas"]

1. e4 c5 2. Nf3 e6 3. d4 cxd4 4. Nxd4 a6 5. Nc3 Bb4 6. Bd3 Nc6 7. Nb3 Nf6 8. O-O O-O 9. a3 Be7 10. Be3 d5 11. exd5 Nxd5 12. Nxd5 exd5 13. Qh5 g6 14. Qf3 Ne5 15. Qe2 Nxd3 16. Qxd3 Bf5 17. Qd2 Bf6 18. c3 Be6 19. Nd4 Rc8 20. Nxe6 fxe6 21. Rfe1 Bg7 22. Bd4 Qd7 23. Bxg7 Kxg7 24. Qd4+ Kg8 25.
Qe5 Rce8 26. Re2 Qg7 27. Rae1 Qxe5 28. Rxe5 Rf6 29. f3 Kf7 30. Kf2 Rc8 31. Ke2 b5 32.
Kd3 Ke7 33. Rxd5 Rf5 34. Rxf5 gxf5 35. Ke3 Rg8 36. Re2 Kf6 37. Rd2 h5 38. g3 Ke5 39.
f4+ Kf6 40. Rd6 a5 41. Ra6 b4 42. Rxa5 bxc3 43. bxc3 h4 44. Kf3 hxg3 45. hxg3 Rc8 46.
Ra7 Rxc3+ 47. Kf2 Kg6 48. a4 Ra3 49. a5 Kh5 50. a6 Kg4 51. Rg7+ Kh5 52. a7 Kh6 53.
Re7 Kh5 54. Rxe6 Rxa7 55. Rf6 1-0

[Event "Betsys MČR v online bleskovém šachu 2021"]
[Site "Chess.com"]
[Date "2021.04.17"]
[Round "2"]
[White "Maty_2010"]
[Black "ZdenekRomanek"]
[Result "0-1"]
[WhiteElo "898"]
[BlackElo "1606"]
[TimeControl "180+1"]
[EndTime "9:18:32 PDT"]
[Termination "Uživatel ZdenekRomanek zvítězil matem"]

1. e4 e6 2. e5 d5 3. Bb5+ c6 4. Bd3 Bc5 5. Nf3 Ne7 6. Ng5 Ng6 7. Qf3 Qxg5 8. O-O O-O 9. Be2 Qxe5 10. c3 Qd6 11. d4 Bb6 12. Bd3 Bc7 13. g3 Nd7 14.
Qh5 Nf6 15. Qg5 Ne4 16. Qe3 Nf6 17. Qe2 Bd7 18. Bg5 Bd8 19. Na3 h6 20. Bh4 Nxh4 21. gxh4 Bc7 22. f3 Rae8 23. Rae1 Nh5 24. Rf2 Nf4 25.
Qe3 Nxd3 26. Qxd3 e5 27. dxe5 Rxe5 28. Rxe5 Qxe5 29. f4 Qf6 30. Qg3 Re8 31. Nc2 Qg6 32. Qxg6 fxg6 33. Rg2 Bf5 34. Nb4 Bxf4 35. Rf2 Be3 36.
Kf1 Bxf2 37. Kxf2 Re4 38. Kf3 Rxh4 39. Kg3 Re4 40. Kf3 Re1 41. Kf2 Rb1 42. b3 Rb2+ 43. Ke1 Rxh2 44. Kf1 g5 45. Kg1 Rb2 46. Kf1 g4 47.
Ke1 g3 48. Kf1 Be4 49. Kg1 g2 50. c4 h5 51. cxd5 cxd5 52. a3 h4 53. a4 h3 54.
Kh2 g5 55. a5 g4 56. a6 bxa6 57. Nxa6 g3+ 58. Kxg3 g1=Q+ 59. Kxh3 Rh2# 0-1

[Event "Betsys MČR v online bleskovém šachu 2021"]
[Site "Chess.com"]
[Date "2021.04.17"]
[Round "2"]
[White "fortale"]
[Black "Mitram64"]
[Result "1-0"]
[WhiteElo "2335"]
[BlackElo "1986"]
[TimeControl "180+1"]
[EndTime "9:18:35 PDT"]
[Termination "Uživatel fortale zvítězil matem"]

1. e4 c6 2. c4 d5 3. cxd5 cxd5 4.
exd5 Nf6 5. Bb5+ Nbd7 6. Nc3 g6 7. d4 Bg7 8. d6 exd6 9. Qe2+ Qe7 10. Bf4 d5 11.
Bd6 Qe6 12. Qxe6+ fxe6 13. Nf3 h6 14. Ne5 a6 15. Bxd7+ Nxd7 16. Nxg6 Rg8 17. O-O-O Bxd4 18. Rxd4 Rxg6 19. Re1 Kf7 20. g3 Nb6 21. b3 Bd7 22.
Kb2 Rag8 23. Be5 Rg4 24. f4 h5 25. Rb4 Nc8 26. Rxb7 Ke8 27. Bb8 h4 28. Nxd5 R8g6 29. Ne3 hxg3 30. Nxg4 Rxg4 31. hxg3 Rxg3 32. Rd1 Rg7 33.
Ka3 Rf7 34. Be5 Bb5 35. Rb8 Bd7 36. Rc1 Kd8 37. Rh1 Rf8 38. Rd1 Rf7 39. Kb4 Rh7 40. Ka5 Rh2 41. a4 Rh3 42. Rb7 Rh7 43. Kxa6 Rf7 44. b4 Rh7 45. b5 Ke8 46. Rc1 Rf7 47. Rb8 Kd8 48. Bc7+ Ke7 49. Be5 Nd6 50. Bxd6+ Kxd6 51. Rb7 Rxf4 52. Rd1+ Kc5 53. Rbxd7 Rxa4+ 54. Kb7 Kxb5 55. Rc7 Re4 56. Rb1+ Ka4 57. Kb8 Re5 58. Ra7+ Ra5 59.
Ra1+ Kb5 60. R1xa5+ Kb4 61. Re5 Kc4 62. Rxe6 Kd5 63.
Raa6 Kc5 64. Re5+ Kd4 65. Rh5 Ke4 66. Ra4+ Kf3 67. Rh3+ Kg2 68. Rb3 Kf2 69. Ra2+ Ke1 70.
Rb1# 1-0

[Event "Betsys MČR v online bleskovém šachu 2021"]
[Site "Chess.com"]
[Date "2021.04.17"]
[Round "2"]
[White "Listro33"]
[Black "xPsylocke"]
[Result "0-1"]
[WhiteElo "1887"]
[BlackElo "2231"]
[TimeControl "180+1"]
[EndTime "9:18:35 PDT"]
[Termination "Uživatel xPsylocke zvítězil na čas"]

1. d4 Nf6 2. Bf4 g6 3. e3 Bg7 4.
Nf3 d6 5. Be2 O-O 6. O-O Nbd7 7.
h3 h6 8. c4 Qe8 9. Bh2 e5 10.
Nc3 c6 11. Rc1 Qe7 12. b4 Ne8 13. b5 f5 14. bxc6 bxc6 15. d5 c5 16. Nb5 e4 17.
Nd2 a6 18. Nc3 Ne5 19. Qc2 g5 20. Na4 Rb8 21. Rb1 Rxb1 22. Rxb1 Nd7 23. Nb6 Nxb6 24.
Rxb6 Qc7 25. Qb3 Rf7 26. Bh5 Qd7 27. Bxf7+ Kxf7 28. Nb1 h5 29. Nc3 h4 30. Na4 g4 31.
hxg4 fxg4 32. Bf4 Bf6 33. Rb8 Qc7 34. Qb6 Bd7 35. Qxc7 Nxc7 36. Rb7 Bd8 37. Nb6 Ke7 38. Nxd7 Kxd7 39. Rb3 a5 40. Kf1 Na6 41. Rb7+ Bc7 42.
Bg5 h3 43. gxh3 gxh3 44. Kg1 Nb4 45. a3 Nc2 46. Kh2 Nxa3 47. Kxh3 Nxc4 48. Ra7 Nb6 49. Bf6 Nxd5 50. Ba1 Kc6 51. Ra8 Bb6 52. Kg4 Kb5 53. Rb8 Nb4 54. Ra8 Nd3 55. Bc3 Nxf2+ 56. Kg3 Nd1 57.
Bd2 Nb2 0-1

[Event "Betsys MČR v online bleskovém šachu 2021"]
[Site "Chess.com"]
[Date "2021.04.17"]
[Round "2"]
[White "ikovacs"]
[Black "Kamilotka"]
[Result "0-1"]
[WhiteElo "1049"]
[BlackElo "1642"]
[TimeControl "180+1"]
[EndTime "9:18:36 PDT"]
[Termination "Uživatel Kamilotka zvítězil na čas"]

1. d4 d5 2. e3 Nc6 3. Nf3 Nf6 4.
Bb5 Bd7 5. O-O e6 6. Bxc6 Bxc6 7.
Ne5 Be7 8. Nxc6 bxc6 9. Nd2 c5 10. dxc5 Bxc5 11. b3 O-O 12. Bb2 Be7 13. c4 dxc4 14.
Nxc4 Qxd1 15. Raxd1 Rfd8 16. Na5 h6 17. Nc6 Re8 18.
Bxf6 Bxf6 19. Rd7 Kf8 20. Rfd1 Be7 21. g3 Bd6 22. e4 f6 23. Na5 Re7 24. Rxe7 Kxe7 25.
Nc6+ Kd7 26. Nd4 a5 27. a4 Rb8 28. Rc1 c5 29. Nb5 e5 30. Rd1 Kc6 31. Rxd6+ Kb7 32.
Rd7+ Ka6 33. Rxg7 Rd8 34. Rg6 Rd3 35. Rxf6+ Kb7 36. Rxh6 Rxb3 37. Rh7+ Kc6 38. Na7+ Kb6 39. Nc8+ Kc6 40. Ne7+ Kd6 41. Nd5 Ra3 42. Rh6+ Kd7 43.
Ra6 Ra1+ 44. Kg2 Re1 45. f3 c4 46. Kf2 Rc1 47. Ra7+ Kc6 48. Ne3 c3 49. Ra8 Kb7 50. Re8 Ra1 51. Rxe5 Rxa4 52. Nd5 Ra3 0-1

[Event "Betsys MČR v online bleskovém šachu 2021"]
[Site "Chess.com"]
[Date "2021.04.17"]
[Round "2"]
[White "David_Mic"]
[Black "chessbeer17"]
[Result "0-1"]
[WhiteElo "1991"]
[BlackElo "2343"]
[TimeControl "180+1"]
[EndTime "9:18:37 PDT"]
[Termination "Uživatel chessbeer17 zvítězil na čas"]

1. e4 c6 2. d4 d5 3. Nd2 dxe4 4. Nxe4 Bf5 5. Ng3 Bg6 6. h4 h6 7. Nh3 e6 8. Nf4 Bh7 9. Bc4 Nf6 10. O-O Bd6 11.
Re1 Bxf4 12. Bxf4 O-O 13. Be5 Nbd7 14. Qe2 Nd5 15. Nh5 Nxe5 16. Qxe5 Nf6 17. Nxf6+ Qxf6 18. Qxf6 gxf6 19. c3 b5 20. Be2 Rfc8 21. Bf3 Rab8 22.
a3 Kf8 23. g3 Ke7 24. d5 cxd5 25. Bxd5 a5 26. Rad1 b4 27. axb4 axb4 28. cxb4 Rxb4 29.
b3 Rd8 30. Bc4 Rxd1 31. Rxd1 Bc2 32. Ra1 Bxb3 33. Bxb3 Rxb3 34. Ra7+ Kf8 35. Kg2 f5 36. Rc7 Kg7 37. Ra7 Kf6 38. Rc7 Rd3 39. Ra7 Kg6 40.
Rb7 f6 41. Rb6 e5 42. Rc6 Rd4 43. Rb6 f4 44. Rc6 fxg3 45. Kxg3 Kf5 46. Ra6 Rg4+ 47. Kh3 Rg6 48. Ra4 e4 49. Ra5+ Kf4 50. Ra3 f5 51. Rb3 h5 52. Rc3 Rg4 53. Rb3 Rg1 54. Kh2 Rd1 55. Ra3 Kg4 56. Ra5 Rd3 57. Rb5 Rh3+ 58. Kg2 Rxh4 59. Rc5 Kf4 60. Rc8 Rg4+ 61. Kf1 h4 62. Rh8 Kf3 63. Ra8 f4 64. Ra3+ e3 65.
fxe3 fxe3 0-1

[Event "Betsys MČR v online bleskovém šachu 2021"]
[Site "Chess.com"]
[Date "2021.04.17"]
[Round "2"]
[White "clarissamcclellan"]
[Black "Ladislav1969"]
[Result "0-1"]
[WhiteElo "1976"]
[BlackElo "2324"]
[TimeControl "180+1"]
[EndTime "9:18:37 PDT"]
[Termination "Uživatel Ladislav1969 zvítězil po vzdání soupeře"]

1. d4 Nf6 2. c4 g6 3. g3 d5 4. cxd5 Nxd5 5. Bg2 Bg7 6. e4 Nb6 7. Ne2 c5 8. d5 e6 9. Nbc3 O-O 10. O-O exd5 11.
exd5 N8d7 12. Qd3 Ne5 13. Qc2 Bf5 14. Qd1 Nd3 15. Nf4 Nxc1 16. Rxc1 Qd7 17. Ne4 Bxe4 18. Bxe4 Bxb2 19. Rxc5 Rac8 20. Rc2 Bg7 21. Qd3 Rxc2 22.
Qxc2 Rc8 23. Qd2 Nc4 24. Qe2 Nd6 25. Bg2 Qa4 26. Nd3 Rc2 27. Qe7 Bf8 28. Qd8 Rc8 29. Qg5 Qxa2 30. Ne5 Bg7 31. Ng4 Qb2 32. Nh6+ Bxh6 33.
Qxh6 a5 34. Qf4 Qb4 35. Qxb4 axb4 36. Rb1 Rc4 37. Bf1 Rd4 38. Bg2 Kg7 39. Bf3 Kf6 40.
Kf1 Nb5 41. Kg2 Nc3 42. Rb3 b5 43. Kf1 Nxd5 44. Bxd5 Rxd5 45. Rxb4 Ke6 46. Ke2 Kd6 47. f4 Kc5 48. Rb2 Rd4 49. Ke3 b4 50. Rb1 Rc4 51. Kd3 Rc3+ 52. Ke4 Rc2 53. Ke5 Rxh2 54. Kf6 Rg2 55.
Kxf7 Rxg3 56. Kg7 Rf3 57. Kxh7 Rxf4 58. Kxg6 Kc4 59. Kg5 Rf2 60. Kg4 b3 0-1

[Event "Betsys MČR v online bleskovém šachu 2021"]
[Site "Chess.com"]
[Date "2021.04.17"]
[Round "2"]
[White "Dejfos"]
[Black "androidddd"]
[Result "1-0"]
[WhiteElo "1828"]
[BlackElo "1410"]
[TimeControl "180+1"]
[EndTime "9:18:37 PDT"]
[Termination "Uživatel Dejfos zvítězil na čas"]

1. e4 c6 2. d4 d5 3. Nc3 dxe4 4. Nxe4 Nd7 5. Nf3 Ngf6 6. Bd3 Nxe4 7. Bxe4 Nf6 8. Bd3 Bg4 9. c3 e6 10. O-O Be7 11. Bf4 O-O 12. h3 Bh5 13. Qe2 Bxf3 14.
Qxf3 Qd5 15. Qxd5 Nxd5 16. Bg3 c5 17. dxc5 Bxc5 18. Rad1 b6 19. a3 Rac8 20. Bb1 Rfd8 21. c4 Nf6 22. b4 Be7 23. Ba2 g6 24. f3 Kg7 25. Be5 Kf8 26. Kf2 Nd7 27. Bg3 Nf6 28.
Ke2 Nh5 29. Bh2 Kg7 30. g4 Nf6 31. Be5 Kf8 32. Rxd8+ Rxd8 33. Rd1 Rxd1 34. Kxd1 Ke8 35. Kd2 Kd7 36. Kd3 Kc6 37. f4 Nd7 38. Bb2 Bf6 39.
Bxf6 Nxf6 40. Kd4 Kd6 41. Bb1 Ne8 42. c5+ bxc5+ 43. bxc5+ Kc6 44. Be4+ Kd7 45. c6+ Kd6 46. Kc4 Nc7 47. a4 a6 48. a5 f5 49. gxf5 exf5 50.
Bf3 h6 51. h4 h5 52. Kd4 Ne6+ 53. Kc4 Nxf4 54. Kc3 Nh3 55. c7 1-0

[Event "Betsys MČR v online bleskovém šachu 2021"]
[Site "Chess.com"]
[Date "2021.04.17"]
[Round "2"]
[White "conysek"]
[Black "tryskomys"]
[Result "1-0"]
[WhiteElo "2115"]
[BlackElo "1424"]
[TimeControl "180+1"]
[EndTime "9:18:40 PDT"]
[Termination "Uživatel conysek zvítězil na čas"]

1. e4 e5 2. Nf3 Nc6 3. Bb5 a6 4. Ba4 Nf6 5. O-O b5 6. Bb3 Be7 7. Re1 O-O 8. h3 d6 9. c3 Bb7 10. d3 Na5 11. Bc2 c5 12. Nbd2 Nc6 13. Nf1 d5 14.
exd5 Nxd5 15. Nxe5 Nxe5 16. Rxe5 Bd6 17. Re1 Qh4 18.
Qf3 Rab8 19. Re4 Qd8 20. Re1 Nxc3 21. Qh5 Nd5 22. Ne3 Nf6 23. Qh4 Be7 24. Nf5 Re8 25. Bf4 Rc8 26. Qg5 g6 27. Nxe7+ Rxe7 28. Be5 Ne8 29.
Qh6 f6 30. Bc3 Qd5 31. f3 Rf7 32. Re2 Nd6 33. Rae1 Bc6 34. Re7 Nf5 35. Qf4 Nxe7 36. Rxe7 Rxe7 37. Bb3 c4 38. dxc4 Qc5+ 39.
Bd4 Qg5 40. cxb5+ Kg7 41. Qxg5 axb5 42. Qd2 Be8 43. Qf2 Bf7 44. Kh2 Rd8 45. Bxf7 Kxf7 46. Bc3 Red7 47. Qc5 f5 48. Qxb5 Rd5 49. Qb3 Ke6 50.
Qb6+ Ke7 51. Qe3+ Kf7 52. a4 Rd3 53. Qb6 Rd1 54. Qb3+ Kf8 55. a5 R1d5 56. a6 f4 57. a7 R5d7 58. Qa3+ Kf7 59. a8=Q 1-0

[Event "Betsys MČR v online bleskovém šachu 2021"]
[Site "Chess.com"]
[Date "2021.04.17"]
[Round "2"]
[White "pedroholly22"]
[Black "g4g5g4g5"]
[Result "1-0"]
[WhiteElo "2394"]
[BlackElo "2008"]
[TimeControl "180+1"]
[EndTime "9:18:41 PDT"]
[Termination "Uživatel pedroholly22 zvítězil na čas"]

1. e4 e5 2. Nf3 Nc6 3. Bb5 a6 4. Ba4 Nf6 5. O-O Be7 6. Re1 b5 7. Bb3 d6 8. c3 O-O 9. h3 Na5 10. Bc2 c5 11. d4 exd4 12. cxd4 Bb7 13. b3 Nd7 14. Bb2 cxd4 15. Nxd4 Bf6 16. Nd2 Nc6 17.
Nf1 Qb6 18. Nxc6 Qxc6 19. Bxf6 Nxf6 20. Ng3 Rfe8 21. Rc1 Qd7 22. Bb1 Rad8 23. Nf5 g6 24.
Ng3 Rc8 25. Qd4 Qe7 26. Rcd1 Rcd8 27. Re3 Qe5 28. Rc3 Rc8 29. Rxc8 Rxc8 30. Qxe5 dxe5 31. Bd3 Rd8 32. f3 Rd4 33. Kf1 Nd7 34. Be2 Rxd1+ 35.
Bxd1 f6 36. Be2 Kf7 37. Ke1 Ke6 38. Kd2 Kd6 39. Ke3 a5 40. Bxb5 Nb6 41. Ne2 Kc5 42.
Bd3 Bc6 43. Nc3 a4 44. bxa4 Bxa4 45. a3 Bc6 46. Bc2 Kc4 47. Ne2 Na4 48. Bxa4 Bxa4 49. f4 Kb3 50. fxe5 fxe5 51. Ng1 Kxa3 52. Nf3 Kb4 53.
Nxe5 Kc5 54. Nf7 Kc6 55. Ng5 h6 56. Nf7 Kd7 57. Nxh6 Ke6 58. Ng4 g5 59. Nh2 Kf6 60. Nf3 Bc6 61. Nd4 1-0

[Event "Betsys MČR v online bleskovém šachu 2021"]
[Site "Chess.com"]
[Date "2021.04.17"]
[Round "2"]
[White "Classemence"]
[Black "Svandik49"]
[Result "0-1"]
[WhiteElo "1926"]
[BlackElo "2272"]
[TimeControl "180+1"]
[EndTime "9:18:43 PDT"]
[Termination "Uživatel Svandik49 zvítězil matem"]

1. e4 c5 2. Nf3 e6 3. Nc3 Nc6 4. Bb5 Nge7 5. Bxc6 Nxc6 6. O-O Be7 7. d3 O-O 8. Nd2 d5 9. f4 dxe4 10. Ndxe4 Nd4 11.
Be3 b6 12. Ne2 Bb7 13. Bxd4 cxd4 14. N2g3 Qd5 15. Qe2 Rac8 16. f5 Kh8 17. fxe6 Qxe6 18. Nf5 Bxe4 19. dxe4 Bf6 20. Qd3 Be5 21. Nxd4 Bxd4+ 22. Qxd4 Rxc2 23. Rf2 Rc4 24. Qd5 Rxe4 25. Qxe6 Rxe6 26.
Rd2 Re7 27. Rad1 Kg8 28. h3 f6 29. Rd7 Rfe8 30. Kf2 Kf7 31. R1d2 Rxd7 32. Rxd7+ Re7 33. Rd6 Rc7 34. Rd2 Ke6 35. a3 f5 36. Kf3 g5 37.
g3 h5 38. b4 Ke5 39. Rd3 g4+ 40. hxg4 hxg4+ 41. Ke3 Rc4 42. Rb3 f4+ 43. gxf4+ Rxf4 44. Rb1 Rf3+ 45. Ke2 Rxa3 46. Rg1 Kf4 47. Rf1+ Rf3 48. Rg1 g3 49. Rh1 Rf2+ 50. Ke1 Kf3 51. Rh8 Re2+ 52.
Kf1 Re4 53. Rf8+ Rf4 54. Re8 Rxb4 55. Rf8+ Rf4 56. Rg8 a5 57. Kg1 a4 58. Ra8 b5 59.
Rb8 b4 60. Ra8 a3 61. Rc8 Re4 62. Rb8 a2 63. Ra8 Re1# 0-1

[Event "Betsys MČR v online bleskovém šachu 2021"]
[Site "Chess.com"]
[Date "2021.04.17"]
[Round "2"]
[White "Krvelacny_krecek"]
[Black "Krejcak"]
[Result "1-0"]
[WhiteElo "2381"]
[BlackElo "2001"]
[TimeControl "180+1"]
[EndTime "9:18:44 PDT"]
[Termination "Uživatel Krvelacny_krecek zvítězil na čas"]

1. d4 Nf6 2. c4 g6 3. g3 Bg7 4. Bg2 O-O 5. Nc3 d6 6. Nf3 c6 7. O-O Nbd7 8. e4 e5 9. h3 Rb8 10. Be3 h6 11. Qc2 Re8 12. Rad1 Qe7 13. Rfe1 Nf8 14. dxe5 dxe5 15. Bxa7 Ra8 16. Be3 g5 17.
Nd2 Ng6 18. Nb3 Be6 19. Bc5 Qc7 20. Bd6 Qc8 21. Kh2 Bxc4 22. a3 b5 23. Nc5 Nh5 24.
Nb1 Ngf4 25. gxf4 Nxf4 26. b3 Be6 27. Nxe6 Qxe6 28. Bc5 g4 29. Re3 Kh7 30. hxg4 Qxg4 31. Rg3 Qh4+ 32. Kg1 Rg8 33. Rd7 Qf6 34. Be3 h5 35.
Bxf4 Qxf4 36. Rf3 Qg4 37. Rfxf7 Raf8 38. Rxf8 Rxf8 39. Qd1 Qg5 40. Qe2 h4 41. Kh1 Kh6 42. Qe3 Bf6 43. Qxg5+ Bxg5 44. Rd6+ Kh5 45. f3 Bf4 46. Kg1 c5 47. Kf1 c4 48. Bh3 cxb3 49.
Bg4+ Kg5 50. Rd3 b2 51. Rb3 Rc8 52. Rxb2 Rc5 53. Ke2 h3 54. Kd3 Kh4 55. Nc3 h2 56.
Rxh2+ Bxh2 57. Nd5 1-0

[Event "Betsys MČR v online bleskovém šachu 2021"]
[Site "Chess.com"]
[Date "2021.04.17"]
[Round "2"]
[White "l_pavlasek"]
[Black "Molefancier"]
[Result "1-0"]
[WhiteElo "1658"]
[BlackElo "1071"]
[TimeControl "180+1"]
[EndTime "9:18:46 PDT"]
[Termination "Uživatel l_pavlasek zvítězil na čas"]

1. e4 c6 2. c4 e6 3. Nc3 d5 4. exd5 cxd5 5. d4 Nf6 6. Nf3 Bb4 7. Qa4+ Nc6 8. a3 Bxc3+ 9. bxc3 Bd7 10. Qc2 O-O 11. Bd3 h6 12. O-O dxc4 13. Bxc4 Re8 14. Bb2 e5 15. dxe5 Nxe5 16. Nxe5 Rxe5 17. Qb3 Be6 18.
Bxe6 Rxe6 19. c4 Qe7 20. h3 Ne4 21. Rad1 a5 22. a4 Rd8 23. Rxd8+ Qxd8 24. Qf3 Nd2 25. Qg3 Rg6 26. Qc3 Nxf1 27. Kxf1 Qd1+ 28. Qe1 Qxe1+ 29. Kxe1 Re6+ 30. Kd2 Rd6+ 31. Ke3 Rc6 32. Kd4 f6 33. Bc3 Kf7 34. Bxa5 Ra6 35. Bb4 Rxa4 36. Kc5 Ke6 37. Kb5 Ra6 38. Bc5 Kd7 39. Be3 Re6 40. g4 g6 41.
Bxh6 Re2 42. Be3 Rb2+ 43. Ka4 Ra2+ 44. Kb3 Ra6 45. h4 b6 46. h5 gxh5 47. gxh5 Ra8 48.
h6 Rh8 49. Kb4 Kc6 50. Bd4 Rxh6 51. Be3 Rh5 52. Bd4 Rf5 53. Be3 Rf3 54. Bd4 f5 55.
Be3 f4 56. Bd4 Rd3 57. Be5 f3 58. Bg3 1-0

[Event "Betsys MČR v online bleskovém šachu 2021"]
[Site "Chess.com"]
[Date "2021.04.17"]
[Round "2"]
[White "jhdghaka"]
[Black "nw_tynka"]
[Result "0-1"]
[WhiteElo "1872"]
[BlackElo "2210"]
[TimeControl "180+1"]
[EndTime "9:18:50 PDT"]
[Termination "Uživatel nw_tynka zvítězil po vzdání soupeře"]

1. e4 c5 2. Nf3 Nc6 3. Bb5 g6 4. O-O Bg7 5. Re1 Nf6 6. e5 Nd5 7.
Bxc6 dxc6 8. Nc3 O-O 9. d3 Nxc3 10. bxc3 Bg4 11. Bf4 Qd5 12. c4 Bxf3 13. Qxf3 Qxf3 14. gxf3 b6 15. a4 f6 16. e6 f5 17.
Be5 Bxe5 18. Rxe5 a5 19. Rb1 Rab8 20. f4 Kg7 21. Kg2 Kf6 22. Kf3 g5 23. Rg1 g4+ 24. Ke3 h5 25. Rb1 h4 26. c3 Rfd8 27. d4 cxd4+ 28.
cxd4 Rg8 29. d5 cxd5 30. cxd5 Rgc8 31. Kd3 Rc5 32. Kd4 Rc2 33. Rf1 Rbc8 34. d6 exd6 35. Rb5 R8c4+ 36. Kd5 Rxa4 37. Rxb6 Rd2+ 38. Kc6 Kxe6 39. Kb5 Rb4+ 40. Kxa5 Rxb6 41. Kxb6 Rd4 42. h3 Kd5 43. hxg4 fxg4 44. f5 Rf4 45. Rd1+ Ke5 46. Kc6 Rc4+ 47. Kb5 Rc2 48. f6 Kxf6 49. Rxd6+ Kf5 50.
Rd8 Kf4 51. Rf8+ Ke4 52. Rg8 Kf3 53. Rf8+ Kg2 54. Rg8 g3 55. f4 Rf2 56. Rg4 h3 57. f5 h2 58. Rg5 h1=Q 59. Rh5 Qxh5 0-1